 Dungeon Crawl Stone Soup version 0.26-a0-651-gb41185065b (webtiles) character file.

Game seed: 17813672975470427365

319 Ozzies the Skirmisher (level 6, -1/44 HPs)
             Began as a Gargoyle Fighter on Oct 14, 2020.
             Slain by a sky beast (3 damage)
             ... on level 6 of the Dungeon.
             The game lasted 00:02:45 (2617 turns).

Ozzies the Skirmisher (Gargoyle Fighter)            Turns: 2617, Time: 00:02:46

Health: -1/44      AC: 11    Str: 21    XL:     6   Next: 46%
Magic:  6/6        EV:  7    Int:  9    God:
Gold:   130        SH:  9    Dex:  9    Spells: 5/5 levels left

rFire    . . .     SeeInvis .   a - +0 flail
rCold    . . .     Faith    .   c - +0 kite shield
rNeg     + . .     Spirit   .   b - +0 scale mail
rPois    ∞         Reflect  .   (no helmet)
rElec    +         Harm     .   (no cloak)
rCorr    .         Rampage  .   (no gloves)
MR       .....                  (no boots)
Stlth    ..........             (no amulet)
HPRegen  0.14/turn              (no ring)
MPRegen  0.10/turn              (no ring)

@: no status effects
A: negative energy resistance 1, electricity resistance, unbreathing,
petrification resistance, rot immunity, AC +4
a: no special abilities


You were on level 6 of the Dungeon.
You visited 1 branch of the dungeon, and saw 5 of its levels.

You collected 130 gold pieces.

Inventory:

Hand Weapons
 a - a +0 flail (weapon)
Armour
 b - a +0 scale mail (worn)
 c - a +0 kite shield (worn)
Wands
 j - a wand of digging (2)
Scrolls
 f - 6 scrolls of identify {@r1}
 g - a scroll of amnesia {unknown}
 h - 4 scrolls of remove curse {@r2}
 i - 2 scrolls of fog {unknown}
 k - a scroll of blinking {unknown}
 m - 2 scrolls of teleportation {unknown}
 o - 3 scrolls of magic mapping {unknown}
 p - a scroll of noise {unknown}
Potions
 d - a potion of might {@q3 !q}
 e - a potion of haste {unknown}
 l - a potion of brilliance {unknown}
 n - a potion of curing {unknown}
 q - a potion of cancellation {unknown}
 r - a potion of flight {unknown}


   Skills:
 * Level 7.2 Fighting
 + Level 3.1 Maces & Flails
 - Level 3.2 Armour
 - Level 3.2 Shields


You had 5 spell levels left.
You didn't know any spells.
Your spell library was empty.

Dungeon Overview and Level Annotations

Branches:
Dungeon (4/15)
 Temple: D:4-7

Altars:
Xom

Shops:
D:4 *


Innate Abilities, Weirdness & Mutations

You are resistant to torment.
Your stone body is resilient. (AC +4)
You are immune to poison.
You resist negative energy. (rN+)
You are resistant to electric shocks. (rElec)
You can survive without breathing.
You are immune to petrification.
You are immune to rotting.


Message History

You are too injured to fight recklessly!
You are too injured to fight recklessly!
You are too injured to fight recklessly!
You miss the sky beast.
The sky beast is moderately wounded.
You block something's attack. The sky beast barely misses you.
You block something's attack.
The sky beast hits you but does no damage.
You closely miss the sky beast.
The sky beast is moderately wounded.
You feel yourself speed up.
A sky beast appears from thin air!
Reactivating autopickup.
The sky beast hits you but does no damage.
The sky beast completely misses you. The sky beast hits you.
The sky beast shocks you. You resist. The sky beast barely misses you.
The sky beast hits you but does no damage.
You closely miss the sky beast.
The sky beast is moderately wounded.
The sky beast barely misses you. The sky beast closely misses you.
You closely miss the sky beast.
The sky beast is moderately wounded.
The sky beast flickers out of sight!
Deactivating autopickup; reactivate with Ctrl-A.
Something hits you but does no damage. The sky beast hits you.
The sky beast shocks you. You resist. Something hits you but does no damage.
You miss something.
The sky beast hits you but does no damage.
Something hits you but does no damage.
The sky beast hits you but does no damage.
You barely miss something. Something hits you. Something shocks you.
You resist.
The sky beast hits you but does no damage.
You sock the sky beast!
The sky beast is moderately wounded.
Something hits you but does no damage.
The sky beast hits you but does no damage.
Something hits you but does no damage.
You miss the sky beast.
The sky beast is moderately wounded.
You block the sky beast's attack. Something hits you but does no damage.
The sky beast hits you.
* * * LOW HITPOINT WARNING * * *
The sky beast shocks you. You resist.
* * * LOW HITPOINT WARNING * * *
You closely miss the sky beast.
The sky beast is moderately wounded.
Something hits you but does no damage. You block the sky beast's attack.
You sock the sky beast!
The sky beast is severely wounded.
Something hits you but does no damage.
The sky beast hits you but does no damage.
Something hits you.
* * * LOW HITPOINT WARNING * * *
Something shocks you. You resist.
* * * LOW HITPOINT WARNING * * *
You sock the sky beast!
You kill the sky beast!
Your Fighting skill increases to level 7!
Your Maces & Flails skill increases to level 3!
You have reached level 6!
Your experience leads to an increase in your attributes!
Increase (s)trength, (i)ntelligence, or (d)exterity?
You feel stronger. Something hits you but does no damage.
There is a strange disturbance nearby!
There is a strange disturbance nearby!
There is a strange disturbance nearby!
There is a strange disturbance nearby!
There is a strange disturbance nearby!
There is a strange disturbance nearby!
Things that are here:
a +0 war axe; a +0 ring mail; an orc corpse Something hits you.
* * * LOW HITPOINT WARNING * * *
Something shocks you. You resist.
* * * LOW HITPOINT WARNING * * *
You miss something. Something hits you but does no damage.
You miss something. Something hits you but does no damage.
You miss something.
A sky beast appears from thin air!
Reactivating autopickup.
You block the sky beast's attack. The sky beast barely misses you.
You sock the sky beast!
The sky beast is moderately wounded.
You block the sky beast's attack.
You completely miss the sky beast.
The sky beast is moderately wounded.
You block the sky beast's attack.
You closely miss the sky beast.
The sky beast is moderately wounded.
The sky beast hits you but does no damage.
The sky beast flickers out of sight!
Deactivating autopickup; reactivate with Ctrl-A.
Something hits you.
* * * LOW HITPOINT WARNING * * *
Something shocks you. You resist.
* * * LOW HITPOINT WARNING * * *
You miss something. Something hits you but does no damage.
You closely miss something. Something hits you.
You die...

# ###. .....
#.#... .. .#
#..... .#..#
#...#.#.#..###
#....)≈)≈.....
#..##.)#
#..##..#
#..##).#.#
#.@{.....#
#####.####
.... ....?#
........
##.....###
#.....#
###.###


There were no monsters in sight!

Vanquished Creatures
  A sky beast (D:6)
  2 orc wizards (D:6)
  A worker ant (D:4)
  7 adders
  2 worms
  A dart slug (D:3)
  3 leopard geckos
  5 orcs
  4 bats
  7 giant cockroaches
  8 goblins
  6 hobgoblins
  2 jackals (D:2)
  A quokka (D:2)
  3 ball pythons
  3 frilled lizards
  A giant cockroach zombie (D:6)
  4 kobolds
  8 rats
69 creatures vanquished.

Notes
Turn   | Place    | Note
-------+----------+-------------------------------------------
     0 | D:1      | Ozzies the Gargoyle Fighter began the quest for the Orb.
     0 | D:1      | Reached XP level 1. HP: 14/14 MP: 1/1
   215 | D:1      | Reached XP level 2. HP: 20/20 MP: 2/2
   241 | D:1      | Reached skill level 4 in Fighting
   673 | D:2      | Reached XP level 3. HP: 24/24 MP: 3/3
   999 | D:2      | Reached skill level 5 in Fighting
  1071 | D:2      | Reached XP level 4. HP: 15/31 MP: 4/4
  1324 | D:2      | Found a shimmering altar of Xom.
  1853 | D:3      | Reached skill level 6 in Fighting
  2006 | D:3      | Reached XP level 5. HP: 31/36 MP: 5/5
  2468 | D:4      | Found Xoor's General Store.
  2562 | D:4      | You fall into a shaft and drop 2 floors!
  2582 | D:6      | Noticed a sky beast
  2585 | D:6      | Noticed a sky beast
  2603 | D:6      | Killed a sky beast
  2603 | D:6      | Reached skill level 7 in Fighting
  2603 | D:6      | Reached XP level 6. HP: 6/44 MP: 6/6
  2615 | D:6      | HP: 2/44 [something (2)]
  2617 | D:6      | Slain by a sky beast

Illustrated notes

Levels and vault maps discovered:
D:1:      erik_arrival_blinker_ship, layout_basic
D:2:      minmay_inner_zag, layout_loops_ring, xom_teletrap_fun
D:3:      kennysheep_big_flooded_room, layout_loops_cross, serial_bayou_pond_e
D:4:      minmay_clustersquares, layout_loops_ring, serial_shops, shop,
          kennysheep_little_box, kennysheep_mini
D:6:      layout_loops_corners, nemelex_xobeh_ov_fountains_minmay,
          kennysheep_flooded_box

Skill      XL: |  1  2  3  4  5 |
---------------+----------------+-----
Fighting       | 4 5 6 7 |  7.2
Maces & Flails | 3 |  3.1
Armour         | |  3.2
Shields        | |  3.2

Action                   |  1- 3 |  4- 6 || total
-------------------------+-------+-------++-------
Melee: Flail             |    75 |   114 ||   189
       Mace              |    93 |    25 ||   118
  Use: Scroll            |       |     2 ||     2
Armor: Scale mail        |   105 |    97 ||   202
Dodge: Dodged            |    67 |    46 ||   113
Block: Kite shield       |   100 |    74 ||   174

Table legend: (Time is in decaauts)
 A = Elapsed time spent in this place.
 B = Non-inter-level travel time spent in this place.
 C = Inter-level travel time spent in this place.
 D = Time resting spent in this place.
 E = Time spent auto-exploring this place.
 F = Levels seen in this place.
 G = Mean time per level.
                   A        B        C        D        E       F      G
               +--------+--------+--------+--------+--------+-----+--------+
         Total |   2735 |   2699 |     36 |      0 |   2074 |   5 |  547.0 |
       Dungeon |   2735 |   2699 |     36 |      0 |   2074 |   5 |  547.0 |
               +--------+--------+--------+--------+--------+-----+--------+

Top non-repeatable levels by time:
     D:2: 1166 daAuts
     D:3: 788 daAuts
     D:1: 565 daAuts
     D:4: 137 daAuts
     D:6: 78 daAuts
